 BcadrenCrawl: Boulder Brew version 0.05.32 (webtiles) character file.

Game seed: 1388843137249481450, levelgen mode: deterministic

2671 BR41ND34D the Ducker (level 9, -1/65 HPs) Mummified Gnoll. Began on Oct 4, 2021. Slain by an orc warrior ... wielding a cursed +2 battleaxe of chopping {(Curse: Fragile)} (18 damage) ... on level 4 of the Dungeon. The game lasted 00:37:44 (4406 turns).

BR41ND34D the Ducker (Gnoll Mummy)                  Turns: 4406, Time: 00:37:45

Health: -1/65      AC: 14    Str: 13    XL:     9 ^: 832
Magic:  18/20      EV: 15    Int: 26    God:
Gold:   272        SH:  0    Dex: 12    Spells: 25/33 levels left

rFire    x . .     Vision   .   a - +1 dagger (elec)
rCold    + + .     Gourm    .     - Unarmed
rNeg     + + +     Faith    .   u - +2 leather armour {rC+}
rCorr    + . .     Spirit   .   (no helmet)
rPois    ∞         Reflect  .   p - +0 cloak {Dex+3}
rElec    +         Harm     .   (no gloves)
MR       .....                  q - +2 pair of boots {rElec+}
Stlth    +.........             d - amulet of regeneration
HPRegen  0.71/turn              j - ring of protection
MPRegen  0.30/turn              s - ring of resist corrosion

@: confused
A: distributed training, fangs, cold resistance 1, negative energy resistance 3,
torment resistance, unbreathing, heat vulnerability 1, in touch with death 1,
strong nose, ancient wisdom
a: no special abilities


You were on level 4 of the Dungeon.
You were not hungry.

You visited 2 branches of the dungeon, and saw 6 of its levels.

You collected 272 gold pieces.

Inventory:

Weapons
 a - a +1 dagger of electrocution (weapon)
 b - a +3 war axe of chopping
 i - a +0 short sword of distortion
Armour
 g - a +1 scale mail of fire resistance
 p - a +0 cloak of dexterity (worn)
 q - a +2 pair of boots of insulation (worn)
 u - a +2 leather armour of cold resistance (worn)
Jewellery
 d - an amulet of regeneration (around neck)
 j - a ring of protection (left hand)
 s - a ring of resist corrosion (right hand)
Wands
 n - a wand of random effects (2)
 w - a wand of flame (1)
 x - a wand of polymorph (17)
Scrolls
 e - a scroll of immolation
 f - a scroll of torment
 k - a scroll of bless item
 l - 3 scrolls of teleportation
 m - a scroll of blinking
 r - 2 scrolls of fog
Miscellaneous
 c - a fan of gales


   Skills:
 + Level 3.6 Fighting
 + Level 5.9 Short Blades
 + Level 3.6 Long Blades
 + Level 3.6 Axes & Hammers
 + Level 3.6 Whips & Flails
 + Level 3.6 Polearms
 + Level 3.6 Maces & Staves
 + Level 3.6 Slings
 + Level 3.6 Bows
 + Level 3.6 Crossbows
   Level 0.0 Throwing
 + Level 3.6 Armour
 + Level 7.5 Dodging
 + Level 5.6 Stealth
 + Level 3.6 Shields
 + Level 3.6 Unarmed Combat
 + Level 7.4 Spellcasting
 + Level 3.6 Hexes
 + Level 3.6 Charms
 + Level 3.6 Summonings
 + Level 7.4 Necromancy
 + Level 3.6 Translocations
 + Level 3.6 Transmutations
 + Level 3.6 Fire Magic
 + Level 3.6 Ice Magic
 + Level 3.6 Air Magic
 + Level 3.6 Earth Magic
 + Level 3.6 Poison Magic
 + Level 5.9 Invocations
 + Level 4.4 Evocations


You had 25 spell levels left.
You knew the following spells:

 Your Spells              Type           Power        Failure   Level  Hunger
a - Pain                  Hex/Necr       25 (25)      1%          1    N/A
b - Vampiric Draining     Necr           64 (200)     1%          3    N/A
c - Animate Dead          Necr           N/A          3%          4    N/A

Your spell library contained the following spells:

 Spells                   Type           Power        Failure   Level  Hunger
 Pryten's Skeletal Upris  Chrm/Necr      55 (200)     1%          3    N/A
 Regeneration             Chrm/Necr      Unusable     N/A         3    N/A

Dungeon Overview and Level Annotations

Branches:
Dungeon (5/8)              Temple (1/1) D:4
   Lair: D:5

Altars:
Ashenzari
Cheibriados
Elyvilon
Gozag Ym Sagoz
Hepliaklqana
Kikubaaqudgha
Makhleb
Okawaru
Qazlal
Trog
Wu Jian
Xom
Zin

Shops:
D:2 !


Innate Abilities, Weirdness & Mutations

Your experience applies equally to all skills.
You are immune to poison.
You have razor-sharp fangs.
You are cold resistant. (rC+)
You are immune to negative energy. (rN+++)
You are immune to unholy pain and torment.
You can survive without breathing.
You are vulnerable to heat. (rF-)
You are in touch with the powers of death.
Your uncanny sense of smell can sniff out nearby items.
You can memorise 50% more levels worth of spells.
You gain random stats at level up more slowly, but gain an extra +1 intelligence each time.


Message History

The orc warrior is severely wounded. (7/27) HP You feel life coursing into your body.
You hear some strange, mumbled words.
You are confused.
The orc warrior closely misses you (0).
You're too confused to cast spells.
Unknown command.
You're too confused to cast spells.
Unknown command.
You hit the orc warrior but do no damage.
Lightning courses through the orc warrior (5).
You hit the orc warrior but do no damage.
The orc warrior is almost dead. (2/27) HP You bump into the rock wall.
You hear some strange, mumbled words.
Something tries to affect you, but you resist.
The orc warrior closely misses you (0).
You bump into the rock wall.
Something hits you but does no damage.
The orc warrior hits you with a cursed +2 battleaxe of chopping {(Curse: Fragile)} (18)!!
You die...

#....# #....).....# #
#....####.##.......###
#.....................
#....#######...)...##.
#....# #..........
###### #......###>
#......# #. #########
#......# #. #......@#
#......# #. #.....o.#
####...# #. #.......#
#.#.###. #####..##
#.#.##.. ######.#
#.#.##.# #......#
###.#.#... #......#
##.......#. #......#
#..#.#..... #......#
#.##....##.


You could see an orc warrior.

Vanquished Creatures
  A slime creature (D:2)
  A warg (D:5)
  2 orc warriors
  A water moccasin (D:2)
  A scorpion (D:3)
  A porcupine (D:3)
  2 ice beasts (D:4)
  A black bear (D:4)
  An ogre (D:3)
  3 big kobolds (D:2)
  4 bullfrogs (D:4)
  A howler monkey (D:3)
  2 wights (D:4)
  A crimson imp (D:4)
  A hound (D:4)
  Crazy Yiuf (D:2)
  3 orc priests
  A gnoll shaman (D:4)
  Terence (D:2)
  An iguana (D:4)
  An orc wizard (D:4)
  2 worker ants (D:4)
  A wyvern skeleton (D:4)
  12 giant cockroaches
  4 bullfrog zombies (D:4)
  3 bullfrog skeletons (D:4)
  A shadow imp (D:4)
  5 adders
  3 gnolls (D:4)
  15 sewer rats (D:2)
  5 cinder newts
  3 worms
  3 oozes (D:2)
  2 dart slugs (D:1)
  4 leopard geckos
  17 orcs
  An adder skeleton (D:2)
  7 goblins (D:1)
  4 hobgoblins (D:1)
  2 jackals (D:2)
  24 kobolds
  2 ball pythons (D:2)
  5 bats
  A kobold skeleton (D:2)
  A leopard gecko skeleton (D:2)
  3 rats (D:1)
  A rat skeleton (D:2)
  4 fungi (D:2)
  40 withered plants (D:2)
206 creatures vanquished.

Vanquished Creatures (collateral kills)
  A wight (D:4)
  2 wyvern skeletons (D:4)
3 creatures vanquished.

Vanquished Creatures (others)
  A bush (D:2)
  A slimehead (D:2)
  128 withered plants (D:2)
130 creatures vanquished.

Grand Total: 339 creatures vanquished

Notes
Turn   | Place    | Note
-------+----------+-------------------------------------------
     0 | D:1      | BR41ND34D the Gnoll Mummy began the quest for the Orb.
     0 | D:1      | Reached XP level 1. HP: 13/13 MP: 6/6
    32 | D:1      | Reached XP level 2. HP: 17/19 MP: 7/7
    41 | D:1      | Reached skill level 5 in Spellcasting
    50 | D:1      | Reached skill level 1 in Invocations
    50 | D:1      | Reached XP level 3. HP: 24/25 MP: 9/9
    55 | D:1      | Learned a level 3 spell: Vampiric Draining
   297 | D:1      | Reached skill level 1 in Evocations
   297 | D:1      | Reached XP level 4. HP: 31/31 MP: 8/11
   618 | D:2      | Learned a level 4 spell: Animate Dead
   623 | D:2      | Reached skill level 1 in Fighting
   623 | D:2      | Reached skill level 1 in Long Blades
   623 | D:2      | Reached skill level 1 in Axes & Hammers
   623 | D:2      | Reached skill level 1 in Whips & Flails
   623 | D:2      | Reached skill level 1 in Polearms
   623 | D:2      | Reached skill level 1 in Maces & Staves
   623 | D:2      | Reached skill level 1 in Slings
   623 | D:2      | Reached skill level 1 in Bows
   623 | D:2      | Reached skill level 1 in Crossbows
   623 | D:2      | Reached skill level 1 in Armour
   623 | D:2      | Reached skill level 1 in Shields
   623 | D:2      | Reached skill level 1 in Unarmed Combat
   623 | D:2      | Reached skill level 1 in Hexes
   623 | D:2      | Reached skill level 1 in Charms
   623 | D:2      | Reached skill level 1 in Summonings
   623 | D:2      | Reached skill level 1 in Translocations
   623 | D:2      | Reached skill level 1 in Transmutations
   623 | D:2      | Reached skill level 1 in Fire Magic
   623 | D:2      | Reached skill level 1 in Ice Magic
   623 | D:2      | Reached skill level 1 in Air Magic
   623 | D:2      | Reached skill level 1 in Earth Magic
   623 | D:2      | Reached skill level 1 in Poison Magic
   832 | D:2      | Reached XP level 5. HP: 37/37 MP: 12/12
   959 | D:2      | Noticed a water moccasin
   974 | D:2      | Killed a water moccasin
   974 | D:2      | Reached XP level 6. HP: 19/43 MP: 5/14
  1215 | D:2      | Noticed a slime creature
  1327 | D:2      | Noticed Terence
  1486 | D:2      | Reached XP level 7. HP: 49/49 MP: 8/15
  1490 | D:2      | Reached skill level 5 in Short Blades
  1497 | D:2      | Killed Terence
  1515 | D:2      | Killed a slime creature
  1753 | D:2      | Found a white marble altar of Elyvilon.
  2044 | D:2      | Found a runed translucent door.
  2062 | D:2      | Noticed Crazy Yiuf
  2070 | D:2      | Killed Crazy Yiuf
  2070 | D:2      | Reached XP level 8. HP: 56/56 MP: 17/17
  2115 | D:2      | Found Bouj's Distillery.
  2833 | D:3      | Reached skill level 5 in Stealth
  3491 | D:4      | Reached skill level 5 in Invocations
  3556 | D:4      | Reached XP level 9. HP: 63/63 MP: 16/19
  4064 | D:4      | Found a staircase to the Ecumenical Temple.
  4087 | Temple   | Entered the Ecumenical Temple
  4361 | D:5      | Entered Level 5 of the Dungeon
  4406 | D:4      | Slain by an orc warrior

Levels and vault maps discovered:
D:1:      mainiacjoe_arrival_reflecting_pool, layout_rooms,
          kennysheep_pointless_box
D:2:      layout_sewer, elyvilon_niche, first_ration, serial_shops, shop_statue,
          uniq_terence, uniq_crazy_yiuf_cottage
D:3:      layout_loops_cross
D:4:      layout_rooms, minmay_temple_entry_statues_fountains
D:5:      layout_irregular_city, grunt_temple_overflow_cloverleaf,
          erik_lair_orcish_takeover, serial_shops, shop,
          nicolae_shop_behind_doors,
          nicolae_shop_temple_entry_statues_fountains, hangedman_ranch
          [blue_anna_fruit_fields], uniq_sonja
Temple:   cyrus_circular_temple

Skill      XL: |  1  2  3  4  5  6  7  8  9 |
---------------+----------------------------+-----
Spellcasting   | 5 6 7 |  7.4
Invocations    | 1 2 3 5 |  5.9
Evocations     | 1 2 3 4 |  4.4
Fighting       | 1 2 3 |  3.6
Long Blades    | 1 2 3 |  3.6
Axes & Hammers | 1 2 3 |  3.6
Whips & Flails | 1 2 3 |  3.6
Polearms       | 1 2 3 |  3.6
Maces & Staves | 1 2 3 |  3.6
Slings         | 1 2 3 |  3.6
Bows           | 1 2 3 |  3.6
Crossbows      | 1 2 3 |  3.6
Armour         | 1 2 3 |  3.6
Shields        | 1 2 3 |  3.6
Unarmed Combat | 1 2 3 |  3.6
Hexes          | 1 2 3 |  3.6
Charms         | 1 2 3 |  3.6
Summonings     | 1 2 3 |  3.6
Translocations | 1 2 3 |  3.6
Transmutations | 1 2 3 |  3.6
Fire Magic     | 1 2 3 |  3.6
Ice Magic      | 1 2 3 |  3.6
Air Magic      | 1 2 3 |  3.6
Earth Magic    | 1 2 3 |  3.6
Poison Magic   | 1 2 3 |  3.6
Necromancy     | 6 7 |  7.4
Short Blades   | 5 |  5.9
Dodging        | 7 |  7.5
Stealth        | 5 |  5.6

Action                   |  1- 3 |  4- 6 |  7- 9 || total
-------------------------+-------+-------+-------++-------
Melee: Short sword       |    54 |   172 |       ||   226
       Unarmed           |    46 |   152 |   139 ||   337
       Tailslap          |     2 |    11 |    13 ||    26
       Whip              |       |    10 |    23 ||    33
       Dagger            |       |       |   198 ||   198
 Cast: Pain              |    11 |    78 |   109 ||   198
       Vampiric Draining |     2 |     4 |    11 ||    17
       Animate Dead      |       |       |     3 ||     3
  Use: Scroll            |       |       |     2 ||     2
 Stab: Sleeping          |       |     2 |     5 ||     7
Armor: Leather armour    |     3 |    46 |    62 ||   111
Dodge: Dodged            |    35 |   103 |   119 ||   257
